 Dungeon Crawl Stone Soup version 0.23-a0-449-g8e4cbf7 (webtiles) character file.

9 Dfrag the Firebug (level 2, 11/19 HPs)
             Began as a Demonspawn Fire Elementalist on Nov 21, 2018.
             Quit the game on level 1 of the Dungeon.
             The game lasted 00:00:38 (250 turns).

Dfrag the Firebug (Demonspawn Fire Elementalist)     Turns: 250, Time: 00:00:38

Health: 11/19      AC:  2    Str:  8    XL:     2   Next: 6%
Magic:  0/5        EV: 12    Int: 16    God:
Gold:   50         SH:  0    Dex: 13    Spells: 4/5 levels left

rFire    . . .     SeeInvis .   (no weapon)
rCold    . . .     Gourm    .   (no shield)
rNeg     . . .     Faith    .   a - +0 robe
rPois    .         Spirit   .   (helmet restricted)
rElec    .         Reflect  .   (no cloak)
rCorr    .         Harm     .   (no gloves)
MR       .....                  (no boots)
Stlth    ++........             (no amulet)
HPRegen  0.06/turn              (no ring)
MPRegen  0.09/turn              (no ring)

@: no status effects
A: antennae 1
a: no special abilities


You were on level 1 of the Dungeon.
You were not hungry.

You visited 1 branch of the dungeon, and saw 1 of its levels.

You collected 50 gold pieces.

Inventory:

Armour
 a - a +0 robe (worn)
Scrolls
 b - 3 scrolls of teleportation {unknown}
Comestibles
 c - 2 rations


   Skills:
 - Level 1.7 Dodging
 - Level 1.7 Stealth
 + Level 2.2 Spellcasting
 + Level 1.4 Conjurations
 + Level 2.9 Fire Magic


You had 4 spell levels left.
You knew the following spells:

 Your Spells              Type           Power        Failure   Level  Hunger
a - Flame Tongue          Conj/Fire      #....        9%          1    #......

Your spell library contained the following spells:

 Spells                   Type           Power        Failure   Level  Hunger
 Throw Flame              Conj/Fire      #.....       12%         2    ###....
 Conjure Flame            Conj/Fire      #.......     24%         3    ###....
 Inner Flame              Hex/Fire       #.......     32%         3    ###....
 Sticky Flame             Conj/Fire      #.......     63%         4    #####..
 Fireball                 Conj/Fire      #.........   92%         5    ######.


Dungeon Overview and Level Annotations

Branches:
Dungeon (1/15)

Altars:


Innate Abilities, Weirdness & Mutations

You have a pair of small antennae on your head.


Message History

The flame tongue hits the hobgoblin.
You kill the hobgoblin!
You have reached level 2!
You feel monstrous as your demonic heritage exerts itself.
Your demonic ancestry asserts itself...
A pair of antennae grows on your head!
Casting: Flame Tongue (safe; 9% risk of failure)
Confirm with . or Enter, or press ? or * to list all spells.
Aiming: Flame Tongue (safe; 9% risk of failure)
Press: ? - help, Shift-Dir - straight line, f - rat
Aim: a rat The flame tongue hits the rat.
You kill the rat!
Sorry, you're not good enough to have a special ability.
Casting: Flame Tongue (safe; 9% risk of failure)
Confirm with . or Enter, or press ? or * to list all spells.
You don't have enough magic to cast that spell.
Are you sure you want to abandon this character and quit the game? (Confirm
Okay, then.
Are you sure you want to abandon this character and quit the game? (Confirm

.####.........#####........#
..###.........# ##........#
#...#.........# ##.........#
###.#.........# #..#########
###.#.........# #.##
.##...........# #.#
...##.........# #.#
##..#........ ##.#
###.......... #@.#
###.......... #.##
.#.##....... #†# ...#
#.....# ..# #..## .##..#
.... ...# # .... .#.###
..... .....# ...... #....#


There were no monsters in sight!

Vanquished Creatures
  2 goblins (D:1)
  4 hobgoblins (D:1)
  A frilled lizard (D:1)
  2 rats (D:1)
9 creatures vanquished.

Notes
Turn   | Place    | Note
-------+----------+-------------------------------------------
     0 | D:1      | Dfrag the Demonspawn Fire Elementalist began the quest for
                  | the Orb.
     0 | D:1      | Reached XP level 1. HP: 13/13 MP: 3/3
   248 | D:1      | Gained mutation: You have a pair of small antennae on your
                  | head. [demonic ancestry]
   248 | D:1      | Reached XP level 2. HP: 11/19 MP: 1/5
   250 | D:1      | Quit the game

Vault maps used:
D:1:      lemuel_arrival_muddy, minmay_tromino_v4_c

Action                   || total
-------------------------++-------
Melee: Unarmed           ||     3
 Cast: Flame Tongue      ||    15
Dodge: Dodged            ||     5

Table legend:
 A = Non-vault XP
 B = Vault XP
 C = Vault XP percentage of total XP
 D = Non-vault monster count
 E = Vault monster count
 F = Vault count percentage of total count
                 A         B        C        D         E       F
            +---------+---------+-------+---------+---------+-------
      Total |      11 |       3 |  21.4 |       7 |       2 |  22.2
            +---------+---------+-------+---------+---------+-------
        D:1 |      11 |       3 |  21.4 |       7 |       2 |  22.2
            +---------+---------+-------+---------+---------+-------
